 Dungeon Crawl Stone Soup version 0.22-b1-26-g9dbaab1 (webtiles) character file.

72 Goblin1989 the Cutter (level 4, -3/31 HPs)
             Began as an Octopode Monk on Aug 7, 2018.
             Slain by a gnoll
             ... wielding a +0 halberd
              (4 damage)
             ... on level 2 of the Dungeon.
             The game lasted 00:04:26 (1739 turns).

Goblin1989 the Cutter (Octopode Monk)               Turns: 1739, Time: 00:04:28

Health: -3/31      AC:  1    Str: 10    XL:     4   Next: 26%
Magic:  4/4        EV: 14    Int: 12    God:
Gold:   54         SH:  0    Dex: 15    Spells: 3/3 levels left

rFire    . . .     SeeInvis .   t - +0 rapier
rCold    . . .     Gourm    .   (no shield)
rNeg     . . .     Faith    .   (helmet restricted)
rPois    .         Spirit   .   h - amulet of rage
rElec    .         Reflect  .   (no ring)
rCorr    .         Harm     .   (no ring)
MR       .....                  (no ring)
Stlth    ++++......             (no ring)
HPRegen  0.10/turn              (no ring)
MPRegen  0.09/turn              (no ring)
                                (no ring)
                                (no ring)

@: no status effects
A: almost no armour, stealthy swim, amphibious, 8 rings, constrict 8, camouflage
1, gelatinous body 1
a: Evoke Berserk Rage


You were on level 2 of the Dungeon.
You were hungry.

You visited 1 branch of the dungeon, and saw 2 of its levels.

You collected 54 gold pieces.

Inventory:

Hand Weapons
 a - a +0 short sword
 t - a +0 rapier (weapon)
Missiles
 q - 15 poisoned needles
 r - 44 stones (quivered) {@Q3}
Jewellery
 h - an amulet of rage (around mantle)
 o - an uncursed ring of poison resistance {unknown}
Scrolls
 g - a scroll of teleportation {unknown}
 j - 2 scrolls of remove curse {unknown}
 k - a scroll of amnesia {unknown}
 n - a scroll of random uselessness {unknown}
 p - a scroll of identify {unknown}
 u - a scroll of enchant armour {unknown}
Potions
 i - a potion of might {unknown}
 l - 2 potions of degeneration {unknown}
 m - a potion of agility {unknown}
Comestibles
 e - 4 rations


   Skills:
 - Level 3.0 Fighting
 * Level 4.4 Short Blades
 - Level 3.0 Dodging
 + Level 4.1 Stealth


You had 3 spell levels left.
You didn't know any spells.
Your spell library was empty.

Dungeon Overview and Level Annotations

Branches:
Dungeon (2/15)

Altars:


Innate Abilities, Weirdness & Mutations

You cannot wear most types of armour.
You are very stealthy in the water. (Stealth+)
You are amphibious.
You can wear up to eight rings at the same time.
You can use your tentacles to constrict eight enemies at once.
Your skin changes colour to match your surroundings (Stealth+).
Your rubbery body absorbs attacks. (AC +1, EV +1)


Message History

There is a stone staircase leading up here.
You puncture the gnoll! You grab the gnoll.
The gnoll is heavily wounded.
You constrict the gnoll. The gnoll hits you with a spear.
You take 3 damage, and have 23/26 hp.
You hit the gnoll.
You kill the gnoll!
Your Stealth skill increases to level 4!
You have reached level 4!
You regained 5 hp, and now have 28/31 hp.
MP restored: 4 You hit the rat.
You grab the rat.
The rat is severely wounded.
You constrict the rat.
You kill the rat!
The goblin misses you.
You see here a spear.
You closely miss the goblin. Your grab misses the goblin.
The goblin completely misses you.
You hit the goblin but do no damage. You grab the goblin.
You constrict the goblin. The goblin hits you but does no damage.
You hit the goblin but do no damage. You squeeze the goblin.
You kill the goblin!
No target in view!
No target in view!
No target in view!
No target in view!
No target in view!
No target in view!
No target in view!
Unknown command.
Some of the chunks of flesh in your inventory have rotted away.
HP restored.
Key pressed, stopping explore.
A gnoll comes into view. It is wielding a halberd.
The gnoll moves out of view.
Health restored: 31
Things that are here:
a halberd; a gnoll skeleton The adder is too close now for your liking.
An adder is nearby!
A kobold comes into view.
The gnoll shouts!
The kobold shouts!
You see here a rat corpse.
You barely miss the adder.
The adder hisses angrily.
Your grab misses the adder. Your squeeze misses the adder. The adder bites you.
You take 3 damage, and have 28/31 hp.
You hit the adder. Your grab misses the adder.
The adder is heavily wounded.
The adder misses you.
The gnoll hits you from afar with a halberd!
The adder closely misses you.
You take 7 damage, and have 21/31 hp.
MASSIVE DAMAGE!!
You hit the adder. You grab the adder.
The adder is severely wounded.
You constrict the adder. The kobold hits you. The adder bites you.
You are poisoned.
The adder poisons you!
The gnoll hits you from afar with a halberd!
* * * LOW HITPOINT WARNING * * *
You release your grip on the adder.
You feel sick. The kobold barely misses you.
You take 17 damage, and have 4/31 hp.
MASSIVE DAMAGE!!
The adder barely misses you. The gnoll closely misses you.
You feel sick.
You take 1 damage, and have 4/31 hp.
You see here a rat skeleton.
The adder bites you but does no damage.
You closely miss the adder. Your grab misses the adder.
The adder is almost dead.
The adder barely misses you.
You hit the adder.
You kill the adder!
You feel sick.
You take 1 damage, and have 3/31 hp.
You closely miss the gnoll. You grab the gnoll.
You constrict the gnoll, but do no damage.
The gnoll hits you with a halberd.
* * * LOW HITPOINT WARNING * * *
You take 1 damage, and have 2/31 hp.
You are feeling hungry.
You hit the gnoll.
The gnoll is heavily wounded.
You constrict the gnoll. The gnoll barely misses you.
All of the chunks of flesh in your inventory have rotted away.
You barely miss the gnoll.
The gnoll is heavily wounded.
You constrict the gnoll, but do no damage.
The gnoll barely misses you.
You hit the gnoll but do no damage.
The gnoll is heavily wounded.
You constrict the gnoll.
* * * LOW HITPOINT WARNING * * *
You feel sick.
You are no longer poisoned.
The gnoll hits you with a halberd.
You die...

████.████ ...██
█▲██████........ ...█.█
██.██.█.█.......█
....█.██...██.█.......█.
...................).█.█
......!.............█.█
...................█.██
.█.(...............█.██
█. .[.█.@█.█..█...█.█████
█.██████g..██████)█.....
█.█...█..█.█..█...█.█████
.█....8.......8....█.██
█.......g†!.........█.██
.....8.........8.....█.██
......................█.█
...$..8$......8........█.
........................█


You could see a gnoll.

Vanquished Creatures
  3 gnolls
  An adder (D:2)
  An ooze (D:2)
  2 bats (D:1)
  2 giant cockroaches (D:1)
  4 goblins
  2 hobgoblins (D:1)
  7 kobolds
  3 frilled lizards
  8 rats
33 creatures vanquished.

Notes
Turn   | Place    | Note
-------+----------+-------------------------------------------
     0 | D:1      | Goblin1989 the Octopode Monk began the quest for the Orb.
     0 | D:1      | Reached XP level 1. HP: 16/16 MP: 1/1
     0 | D:1      | Goblin1989: !lg . -log
     0 | D:1      | XtahuaRules: 2644. Goblin1989, XL13 OpMo, T:19365: https://crawl.xtahua.com/crawl/morgue/Goblin1989/morgue-Goblin1989-20180807-030609.txt
     0 | D:1      | Goblin1989: AC: -3
     0 | D:1      | Goblin1989: энтропивьюверы страшные даже под ркорр
     0 | D:1      | Goblin1989: запомнить
   285 | D:1      | Reached XP level 2. HP: 21/21 MP: 2/2
  1428 | D:2      | Reached XP level 3. HP: 26/26 MP: 3/3
  1670 | D:2      | Reached XP level 4. HP: 27/31 MP: 4/4
  1739 | D:2      | HP: 1/31 [poisoned by an adder]
  1739 | D:2      | Slain by a gnoll

Skill      XL: |  1  2  3 |
---------------+----------+-----
Stealth        | 3 4 |  4.1
Short Blades   | 4 |  4.4
Fighting       | |  3.0
Dodging        | |  3.0

Action                   |  1- 3 |  4- 6 || total
-------------------------+-------+-------++-------
Melee: Short sword       |    38 |       ||    38
       Constrict         |    10 |     4 ||    14
       Tentacles         |     7 |     1 ||     8
       Rapier            |    18 |    13 ||    31
 Stab: Sleeping          |     9 |       ||     9
  Eat: Chunk             |     2 |       ||     2
Armor: Skin              |     2 |     2 ||     4
Dodge: Dodged            |    24 |    10 ||    34

Vault maps used:
D:1:      minmay_arrival_plants_in_alcoves, serial_glass, glass_columns_a,
          glass_columns_b
D:2:      wad_pebble_path
